AoeStats
← leeyoucheng1107

Arabia

508563030Analyzed
1v1 RM · 8d ago on Sep 23, 2026· 70m 13s· 2 players
Game mode
Random Map
Map size
Tiny (2 player)
Population
200
Speed
Normal
Resources
Standard
Victory
Conquest
Starting age
Dark Age
Ending age
Imperial Age
RankedLock teamsTeams togetherTeam positionsShared explorationLock speedFull tech treeHidden civsTurbo modeCheats
Victory
Defeat
🇺🇸 Varangians · United States
908
+16
🇹🇼 Magyars · Taiwan
915
-16
Dog
6:45 Loom
9:32 Feudal Age
16:33 Bloodlines
18:24 Wheelbarrow
19:30 Forging
25:15 Castle Age
24:12 Double-Bit Axe
25:17 Scale Barding Armor
26:58 Iron Casting
26:44 Chain Barding Armor
29:35 Wheelbarrow
31:42 Bow Saw
32:40 Husbandry
33:38 Hand Cart
33:21 Stone Mining
45:24 Imperial Age
46:43 Conscription
47:35 Two-Man Saw
46:34 Elite Jarl
47:45 Horse Collar
48:00 Gold Mining
50:25 Blast Furnace
50:00 Plate Barding Armor
49:28 Capped Ram
62:14 Town Watch
leeyoucheng1107
4:23 Loom
11:18 Feudal Age
13:17 Wheelbarrow
18:12 Double-Bit Axe
18:10 Horse Collar
19:24 Town Watch
20:34 Bloodlines
26:49 Castle Age
27:13 Pikeman
28:22 Hand Cart
30:11 Scale Mail Armor
30:17 Scale Barding Armor
31:26 Husbandry
31:43 Bow Saw
36:01 Chain Mail Armor
39:51 Light Cavalry
43:35 Gold Mining
44:20 Chain Barding Armor
45:46 Corvinian Army
52:37 Imperial Age
52:54 Halberdier
56:59 Conscription
61:39 Hussar
64:26 Plate Barding Armor
64:45 Cavalier
66:26 Cavalier
Connection lost

Rejoining the realm…

Still unreachable

The connection could not be restored.

Session expired

The server has moved on; the page needs a fresh start.